 Dungeon Crawl Stone Soup version 0.28-a0-1184-g53156a8862 (webtiles) character file.

Game seed: 4020770902873909605

45589 ytrimaz the Martial Artist (level 14, 0/106 HPs)
             Began as an Octopode Transmuter on Dec 17, 2021.
             Was an Elder of Ashenzari.
             Slain by a five-headed hydra (4 damage)
             ... while petrified by a catoblepas
             ... on level 6 of the Lair of Beasts.
             The game lasted 00:32:01 (23427 turns).

ytrimaz the Martial Artist (Octopode Transmuter)   Turns: 23427, Time: 00:32:02

Health: 0/106      AC:  5    Str: 16    XL:     14   Next: 33%
Magic:  40/40      EV:  2    Int: 20    God:    Ashenzari [****..]
Gold:   1326       SH:  0    Dex: 18    Spells: 15/39 levels left

rFire   . . .      SeeInvis +     - Unarmed
rCold   + . .      Faith    .   (no shield)
rNeg    + + +      Spirit   .   k - +0 hat "Vision of Ashenzari" {Elem, Bglg} (curse)
rPois   ∞          Reflect  .   C - amulet of the Tethered Seer {RegenMP, Bglg, Melee} (curse)
rElec   .          Harm     .   c - ring of Ashenzari's Irritation {Str+6, Evo, Self} (curse)
rCorr   .          Rampage  .   i - ring "Lashed Together" {rC+, Melee, Comp} (curse)
Will    ++...      Clarity  +   s - ring of the Fated Bad Feelings {MP+9, Elem, Comp} (curse)
Stlth   +++.......              A - ring of Ashenzari's Sorrow {Will+, Alch, Bglg} (curse)
HPRegen 0.27/turn               E - ring "Sidereal Awkwardness" {AC+4, Alch, Self} (curse)
MPRegen 0.67/turn               F - ring "Restrained Together" {rN+, Melee, Bglg} (curse)
                                K - ring of positive energy
                                I - +6 ring of dexterity

@: petrified, marked, wereblooded
A: almost no armour, amphibious, 8 rings, camouflage 1, gelatinous body 1,
(nimble swimmer 1), tentacles
a: Renounce Religion, Curse Item, Shatter the Chains


You were on level 6 of the Lair of Beasts.
You worshipped Ashenzari.
Ashenzari was greatly pleased with you.
You visited 2 branches of the dungeon, and saw 18 of its levels.
You also visited: Volcano.

You collected 1326 gold pieces.

Inventory:

Missiles
 M - a throwing net
Armour
 k - the cursed +0 hat "Vision of Ashenzari" (worn) {Elem, Bglg}
   (You took it off Gastronok on level 1 of the Lair of Beasts)

   It has a curse which improves the following skills: Elements: Fire Magic, Ice
   Magic, Air Magic and Earth Magic.
   Beguiling: Conjurations, Hexes and Translocations.
Jewellery
 c - the cursed ring of Ashenzari's Irritation (left tentacle) {Str+6, Evo, Self}
   (You found it on level 2 of the Dungeon)

   [ring of strength]

   Str:       It affects your strength (+6).
   It has a curse which improves the following skills: Evocations: Evocations.
   Introspection: Fighting and Spellcasting.
 i - the cursed ring "Lashed Together" (right tentacle) {rC+, Melee, Comp}
   (You found it on level 4 of the Dungeon)

   [ring of protection from cold]

   rC:        It protects you from cold.
   It has a curse which improves the following skills: Melee Combat: Short
   Blades, Long Blades, Axes, Maces & Flails, Polearms, Staves and Unarmed
   Combat.
   Companions: Summonings and Necromancy.
 l - a ring of ice
 s - the cursed ring of the Fated Bad Feelings (on tentacle) {MP+9, Elem, Comp}
   (You found it on level 8 of the Dungeon)

   [ring of magical power]

   MP:        It affects your magic capacity (+9).
   It has a curse which improves the following skills: Elements: Fire Magic, Ice
   Magic, Air Magic and Earth Magic.
   Companions: Summonings and Necromancy.
 A - the cursed ring of Ashenzari's Sorrow (on tentacle) {Will+, Alch, Bglg}
   (You found it on level 11 of the Dungeon)

   [ring of willpower]

   Will:      It increases your willpower.
   It has a curse which improves the following skills: Alchemy: Poison Magic and
   Transmutations.
   Beguiling: Conjurations, Hexes and Translocations.
 C - the cursed amulet of the Tethered Seer (around mantle) {RegenMP, Bglg, Melee}
   (You found it on level 1 of the Lair of Beasts)

   [amulet of magic regeneration]

   It increases your rate of magic regeneration.
   It has a curse which improves the following skills: Beguiling: Conjurations,
   Hexes and Translocations.
   Melee Combat: Short Blades, Long Blades, Axes, Maces & Flails, Polearms,
   Staves and Unarmed Combat.
 E - the cursed ring "Sidereal Awkwardness" (on tentacle) {AC+4, Alch, Self}
   (You found it on level 1 of the Lair of Beasts)

   [ring of protection]

   AC:        It affects your AC (+4).
   It has a curse which improves the following skills: Alchemy: Poison Magic and
   Transmutations.
   Introspection: Fighting and Spellcasting.
 F - the cursed ring "Restrained Together" (on tentacle) {rN+, Melee, Bglg}
   (You found it on level 2 of the Lair of Beasts)

   [ring of positive energy]

   rN:        It protects you from negative energy.
   It has a curse which improves the following skills: Melee Combat: Short
   Blades, Long Blades, Axes, Maces & Flails, Polearms, Staves and Unarmed
   Combat.
   Beguiling: Conjurations, Hexes and Translocations.
 I - a +6 ring of dexterity (on tentacle)
 K - a ring of positive energy (on tentacle)
 L - an amulet of guardian spirit
 Q - an amulet of regeneration
Wands
 f - a wand of mindburst (14)
 j - a wand of digging (6)
 m - a wand of paralysis (22)
 o - a wand of acid (9)
 x - a wand of polymorph (5)
 z - a wand of charming (8)
 G - a wand of flame (16)
Scrolls
 g - 5 scrolls of enchant armour
 q - 2 scrolls of amnesia
 r - 6 scrolls of teleportation
 t - 4 scrolls of magic mapping
 v - 2 scrolls of blinking
 w - 3 scrolls of fear
 y - a scroll of holy word
 B - a scroll of enchant weapon
 J - a scroll of brand weapon
 N - a scroll of fog
 O - a scroll of silence
 P - 2 scrolls of acquirement
Potions
 a - 2 potions of brilliance
 b - 4 potions of mutation
 d - 3 potions of magic
 e - 3 potions of might
 h - 2 potions of lignification
 n - 2 potions of flight
 p - 2 potions of curing
 u - a potion of cancellation
 D - 2 potions of haste
 H - a potion of resistance


   Skills:
 * Level 9.9(13.4) Fighting
 * Level 9.4 Dodging
 + Level 14.7(19.4) Unarmed Combat
 - Level 9.5(13.1) Spellcasting
 - Level 8.0(11.6) Transmutations
 - Level 8.2(11.8) Ice Magic
 - Level 2.1(4.8) Poison Magic
 - Level 0.3(1.1) Evocations


You had 15 spell levels left.
You knew the following spells:

 Your Spells              Type           Power      Damage    Failure   Level
a - Ozocubu's Armour      Ice            57%        N/A       1%          3
b - Wereblood             Tmut           56%        N/A       1%          2
c - Ice Form              Ice/Tmut       56%        N/A       1%          4
d - Storm Form            Tmut/Air       18%        N/A       98%         7
e - Manifold Assault      Tloc           16%        N/A       67%         5
g - Spider Form           Tmut/Pois      46%        N/A       1%          3

Your spell library contained the following spells:

 Spells                   Type           Power      Damage    Failure   Level
 Beastly Appendage        Tmut           100%       N/A       1%          1
 Ensorcelled Hibernation  Hex/Ice        76%        N/A       1%          2
 Ignite Poison            Fire/Tmut/Pois 35%        N/A       1%          3
 Slow                     Hex            64%        N/A       3%          1
 Pain                     Necr           60%        1d7       4%          1
 Summon Small Mammal      Summ           60%        N/A       4%          1
 Blink                    Tloc           32%        N/A       5%          2
 Confusing Touch          Hex            16%        N/A       11%         3
 Tukima's Dance           Hex            16%        N/A       11%         3
 Metabolic Englaciation   Hex/Ice        19%        N/A       11%         5
 Yara's Violent Unravell  Hex/Tmut       19%        3d9       11%         5
 Call Canine Familiar     Summ           15%        N/A       12%         3
 Conjure Flame            Conj/Fire      15%        6-21      12%         3
 Summon Guardian Golem    Hex/Summ       15%        N/A       12%         3
 Vampiric Draining        Necr           15%        2d7       12%         3
 Passage of Golubria      Tloc           16%        N/A       34%         4
 Sticky Flame             Conj/Fire      15%        2d4       36%         4
 Airstrike                Air            7%         N/A       38%         4
 Summon Lightning Spire   Summ/Air       15%        N/A       38%         4
 Simulacrum               Ice/Necr       18%        N/A       52%         6
 Lightning Bolt           Conj/Air       7%         1d20      71%         5
 Agony                    Necr           15%        N/A       75%         5
 Excruciating Wounds      Necr           7%         N/A       75%         5


Dungeon Overview and Level Annotations

Branches:
Dungeon (12/15)            Temple (0/1) D:5            Lair (6/6) D:11
  Swamp (0/4) Lair:3       Spider (0/4) Lair:4        Slime (0/5) Lair:6
Volcano (visited)
    Orc: D:9-12

Altars:
Ashenzari
Cheibriados
Dithmenos
Gozag
Hepliaklqana
Makhleb
Nemelex Xobeh
Qazlal
Ru
Xom
Yredelemnul
Jiyva

Shops:
D:6 :

Annotations:
D:7 Prince Ribbit
D:8 exclusion: acid dragon
D:9 Maurice
D:10 exclusion: ugly thing
Lair:2 exclusion: oklob plant


Innate Abilities, Weirdness & Mutations

You cannot wear most types of armour.
You are amphibious.
You can wear up to eight rings at the same time.
Your skin changes colour to match your surroundings (Stealth+).
Your rubbery body absorbs attacks. (AC +1, EV +1)
((You are camouflaged near water. (Stealth+)))
You have tentacles for arms and can constrict up to eight enemies at once.


Message History

The elephant tramples you.
You hold your ground!
The elephant trunk-slaps you.
The catoblepas breathes a plume of calcifying dust at you.
The blast of calcifying dust hits you!
The blast of calcifying dust hits the elephant but does no damage.
You are engulfed in calcifying dust.
You feel yourself speed up.
The elephant stops moving altogether!
The death yak is no longer petrified.
The komodo dragon is no longer petrified.
The five-headed hydra bites you but does no damage.
The five-headed hydra bites you.
The five-headed hydra bites you but does no damage.
The five-headed hydra bites you!
The five-headed hydra bites you but does no damage.
The elephant is engulfed in calcifying dust.
A komodo dragon comes into view.
The catoblepas gores you.
The death yak is engulfed in calcifying dust.
The death yak is moving more slowly.
You are engulfed in calcifying dust.
The five-headed hydra bites you. The five-headed hydra bites you! x2
* * * LOW HITPOINT WARNING * * *
The five-headed hydra bites you!
* * * LOW HITPOINT WARNING * * *
The five-headed hydra bites you.
* * * LOW HITPOINT WARNING * * *
The death yak gores you!
* * * LOW HITPOINT WARNING * * *
The elephant is engulfed in calcifying dust.
The catoblepas gores you!!
* * * LOW HITPOINT WARNING * * *
The four-headed hydra bites the plant.
The plant begins to die.
The four-headed hydra bites the plant! x2
The four-headed hydra bites the plant.
You are engulfed in calcifying dust.
The rime drake is no longer petrified.
The five-headed hydra bites you!
* * * LOW HITPOINT WARNING * * *
The five-headed hydra bites you.
* * * LOW HITPOINT WARNING * * *
The five-headed hydra bites you. The five-headed hydra bites you!
You die...

*, , ,,
#.....*##.....l... , ,
#.....,*#......... ,,,, *
,, , * .Y#., #.........,
, ***#####{..###......P#P
** , #....{#..##.....###,
*, * , ,
#....w{.{##......#* ** *
* ,,, *
#.....k#Fll..(...# ,,,, *
#.....YY##l.....## , ,*
#P...##Y@Dl......# * ###*
##PPYD.....## *
#P.PP.....## #####
#####....## ** ....#
####.....## ....#
###P....#.# * ...#*
##........# ...###
###......##
....##############....#.#
* **


You could see 2 death yaks, a catoblepas, a five-headed hydra, a four-headed
hydra, an elephant (petrified), 3 komodo dragons, a cane toad (petrified), a
rime drake and a wyvern (petrified).

Vanquished Creatures
  Gastronok (Lair:1)
  4 hydras
  A boulder beetle (Lair:4)
  An ice dragon (Lair:5)
  A dancing weapon (Volcano)
  4 two-headed ogres
  2 death yaks (Lair:2)
  A tengu warrior (D:8)
  2 bog bodies (Lair:3)
  A lindwurm (Lair:6)
  2 wizards (Volcano)
  A deep elf pyromancer (D:9)
  2 manticores (Lair:6)
  An ugly thing (D:11)
  20 elephants
  5 toenail golems (Volcano)
  6 black mambas
  A torpor snail (Lair:2)
  4 cane toads
  9 komodo dragons
  2 rime drakes (Lair:6)
  2 trolls (D:11)
  A polar bear (Lair:6)
  9 blink frogs
  4 dream sheep (Lair:4)
  2 wraiths
  7 wyverns
  4 basilisks
  32 yaks
  4 swamp worms (Lair:3)
  15 water moccasins
  3 orc warriors
  A sky beast (D:3)
  4 black bears
  2 ice beasts
  2 necrophages
  9 wolves
  4 centaurs
  An ogre (D:5)
  2 phantoms
  8 bullfrogs
  A wyvern zombie (D:5)
  6 scorpions
  2 water moccasin skeletons
  A wyvern skeleton (D:6)
  3 wights (D:6)
  17 killer bees
  2 jellies (D:4)
  An electric eel (Lair:3)
  5 centaur zombies
  An orc priest (D:11)
  6 hounds
  2 bullfrog skeletons
  A gnoll shaman (D:8)
  2 centaur skeletons (D:6)
  An iguana (D:7)
  4 orc wizards
  4 hell rats (Lair:1)
  2 killer bee zombies
  A hound skeleton (D:5)
  6 gnolls
  5 adders
  4 white imps
  An ufetubus (D:5)
  An adder zombie (D:5)
  3 worms
  4 dart slugs
  17 orcs
  5 ball pythons
  6 bats
  14 endoplasms
  A giant cockroach (Lair:4)
  5 goblins
  5 hobgoblins
  11 jackals
  10 kobolds
  4 quokkas
  6 frilled lizards
  6 rats
  A spectral goblin (D:3)
364 creatures vanquished.

Vanquished Creatures (others)
  A wizard (Volcano)
  12 fungi
  16 plants
  5 toadstools (D:4)
34 creatures vanquished.

Grand Total: 398 creatures vanquished

Notes
Turn   | Place    | Note
-------+----------+-------------------------------------------
     0 | D:1      | ytrimaz the Octopode Transmuter began the quest for the
                  | Orb.
     0 | D:1      | Reached XP level 1. HP: 13/13 MP: 3/3
   195 | D:1      | Reached XP level 2. HP: 13/18 MP: 1/5
   312 | D:1      | Learned a level 2 spell: Wereblood
   519 | D:1      | Reached XP level 3. HP: 21/23 MP: 4/6
   526 | D:1      | Learned a level 3 spell: Spider Form
  1659 | D:2      | Reached XP level 4. HP: 19/28 MP: 5/8
  2249 | D:3      | Found a broken altar of Ashenzari.
  2261 | D:3      | Became a worshipper of Ashenzari the Shackled
  2301 | D:3      | Found a faded altar of an unknown god.
  3118 | D:3      | Noticed a sky beast
  3139 | D:3      | Killed a sky beast
  3140 | D:3      | Reached skill level 1 in Ice Magic
  3140 | D:3      | Reached XP level 5. HP: 34/34 MP: 6/10
  3164 | D:3      | Learned a level 3 spell: Ozocubu's Armour
  3813 | D:4      | Reached XP level 6. HP: 36/41 MP: 4/11
  3964 | D:4      | Reached skill level 4 in Unarmed Combat
  4120 | D:4      | Found a hazy altar of Hepliaklqana.
  4205 | D:4      | You fall into a shaft and drop 3 floors!
  4213 | D:7      | Noticed a necrophage
  4233 | D:7      | Killed a necrophage
  4297 | D:7      | Reached XP level 7. HP: 38/45 MP: 10/13
  4877 | D:7      | Reached skill level 1 in Poison Magic
  4938 | D:7      | Noticed Prince Ribbit
  5437 | D:7      | Learned a level 4 spell: Ice Form
  5685 | D:5      | Entered Level 5 of the Dungeon
  5718 | D:5      | Reached XP level 8. HP: 20/52 MP: 7/15
  5728 | D:5      | Reached skill level 5 in Spellcasting
  6103 | D:5      | Reached skill level 5 in Unarmed Combat
  7102 | D:5      | Reached * piety under Ashenzari
  7207 | D:5      | Found a staircase to the Ecumenical Temple.
  7234 | D:5      | HP: 1/54 [acid (9)]
  9295 | D:6      | Found a sacrificial altar of Ru.
  9295 | D:6      | Found a shadowy altar of Dithmenos.
  9295 | D:6      | Found a snail-covered altar of Cheibriados.
  9319 | D:6      | Found a burning altar of Makhleb.
  9354 | D:6      | Reached skill level 6 in Unarmed Combat
  9354 | D:6      | Reached XP level 9. HP: 61/61 MP: 12/19
  9403 | D:6      | Reached skill level 5 in Transmutations
  9522 | D:6      | Found a sparkling altar of Nemelex Xobeh.
  9527 | D:6      | Found an opulent altar of Gozag.
  9627 | D:6      | Found Idubonos's Book Emporium.
 10622 | D:8      | Noticed a tengu warrior
 10635 | D:8      | Killed a tengu warrior
 10636 | D:8      | Reached skill level 5 in Fighting
 10689 | D:8      | Reached skill level 5 in Ice Magic
 10689 | D:8      | Reached XP level 10. HP: 45/68 MP: 22/22
 10869 | D:8      | Found a shimmering altar of Xom.
 10871 | D:8      | Found a shimmering altar of Xom.
 10875 | D:8      | Found a shimmering altar of Xom.
 10875 | D:8      | Found a shimmering altar of Xom.
 10875 | D:8      | Found a shimmering altar of Xom.
 10875 | D:8      | Found a shimmering altar of Xom.
 10876 | D:8      | Found a shimmering altar of Xom.
 10876 | D:8      | Found a shimmering altar of Xom.
 10876 | D:8      | Found a shimmering altar of Xom.
 10916 | D:8      | Found a basalt altar of Yredelemnul.
 11145 | D:8      | Reached skill level 7 in Unarmed Combat
 11255 | D:8      | Noticed a two-headed ogre
 11267 | D:8      | Killed a two-headed ogre
 11475 | D:8      | Noticed a salamander
 12108 | D:9      | Noticed a deep elf pyromancer
 12117 | D:9      | Killed a deep elf pyromancer
 12532 | D:9      | Identified the +0 robe "Zuz Vidu" {rC++ rN+}
 12656 | D:9      | Noticed a two-headed ogre
 12666 | D:9      | Killed a two-headed ogre
 13076 | D:9      | Noticed Maurice
 13137 | D:10     | Entered Level 10 of the Dungeon
 13443 | D:10     | Reached XP level 11. HP: 14/75 MP: 24/24
 13804 | D:10     | Noticed a two-headed ogre
 13813 | D:10     | Killed a two-headed ogre
 13814 | D:10     | Reached skill level 8 in Unarmed Combat
 13844 | D:10     | Noticed a red ugly thing
 14786 | D:10     | Found a stormy altar of Qazlal.
 15433 | D:11     | Noticed a two-headed ogre
 15440 | D:11     | Killed a two-headed ogre
 16234 | D:11     | Noticed a red ugly thing
 16240 | D:11     | Killed a red ugly thing
 16416 | D:11     | Found a staircase to the Lair.
 16481 | D:11     | Reached ** piety under Ashenzari
 16507 | D:12     | Noticed a cyclops
 16525 | Lair:1   | Entered Level 1 of the Lair of Beasts
 17040 | Lair:1   | Noticed Gastronok
 17085 | Lair:1   | Killed Gastronok
 17086 | Lair:1   | Reached skill level 9 in Unarmed Combat
 17086 | Lair:1   | Reached XP level 12. HP: 75/84 MP: 27/27
 17992 | Lair:2   | Reached *** piety under Ashenzari
 18053 | Lair:2   | Learned a level 5 spell: Manifold Assault
 18061 | Lair:2   | Learned a level 7 spell: Storm Form
 18139 | Lair:2   | Identified the cursed +0 hat "Vision of Ashenzari" {Elem,
                  | Bglg} (You took it off Gastronok on level 1 of the Lair of
                  | Beasts)
 18340 | Lair:2   | Noticed a death yak
 18346 | Lair:2   | Noticed a death yak
 18353 | Lair:2   | Killed a death yak
 18803 | Lair:2   | Killed a death yak
 19027 | Lair:2   | Noticed a four-headed hydra
 19034 | Lair:2   | Killed a four-headed hydra
 19035 | Lair:2   | Reached skill level 5 in Dodging
 19035 | Lair:2   | Reached skill level 10 in Unarmed Combat
 19474 | Lair:3   | Noticed a seven-headed hydra
 19480 | Lair:3   | Killed a seven-headed hydra
 19654 | Lair:3   | Found a staircase to the Swamp.
 19920 | Lair:3   | Reached skill level 11 in Unarmed Combat
 20165 | Lair:3   | Noticed a six-headed hydra
 20171 | Lair:3   | Killed a six-headed hydra
 20461 | Lair:3   | Reached **** piety under Ashenzari
 21022 | Lair:4   | Reached XP level 13. HP: 93/93 MP: 28/28
 21048 | Lair:4   | Found a dark tunnel.
 21072 | Volcano  | Entered a volcano
 21088 | Volcano  | Reached skill level 12 in Unarmed Combat
 21420 | Lair:4   | Found a hole to the Spider Nest.
 22050 | Lair:5   | Noticed an ice dragon
 22066 | Lair:5   | Killed an ice dragon
 22067 | Lair:5   | Reached skill level 13 in Unarmed Combat
 22383 | Lair:5   | Identified a scroll of acquirement
 22913 | Lair:6   | Entered Level 6 of the Lair of Beasts
 22913 | Lair:6   | Identified the +11 whip "Aroddiar" {elec, rPois rC++}
 23020 | Lair:6   | Reached skill level 14 in Unarmed Combat
 23020 | Lair:6   | Reached XP level 14. HP: 106/106 MP: 31/31
 23322 | Lair:6   | Found a viscous altar of Jiyva.
 23322 | Lair:6   | Found a staircase to the Slime Pits.
 23427 | Lair:6   | HP: 4/106 [five-headed hydra (3)]
 23427 | Lair:6   | Slain by a five-headed hydra

Illustrated notes

Levels and vault maps discovered:
D:1:      lightli_arrival_farm, layout_rooms, serial_rivers,
          chequers_serial_rivers_micro_c, chequers_serial_rivers_small_a,
          chequers_serial_rivers_large_b, chequers_serial_rivers_micro_d,
          chequers_hall_statues_wall_a, minmay_misc_feat_doors
D:2:      layout_loops_ring, serial_glass, glass_columns_a, glass_columns_b,
          minmay_misc_feat_encased
D:3:      layout_rooms, lemuel_crystal_altar,
          dreamdust_ecumenical_altar_drowned_temple,
          nicolae_figureground_sparkle
D:4:      cheibrodos_fertilizer, layout_basic, mainiacjoe_overflow_catwalk
D:5:      layout_layer_cave, minmay_temple_entry_statues_fountains,
          corexii_checkpoint_a
D:6:      layout_basic, mainiacjoe_overflow_alcove_1,
          nemelex_diamond_rough_becter, gammafunk_temple_overflow_claw,
          grunt_gozag_breadcrumbs, minmay_shop_grid_forest
D:7:      layout_loops_ring, grunt_decor_arrowhead, kennysheep_generic_room_13,
          uniq_prince_ribbit1
D:8:      layout_cave_pools, xom_shifter_show,
          lemuel_mausoleum_altar_kikubaaqudgha, lemuel_zombie_altar_yredelemnul,
          serial_rivers, chequers_serial_rivers_micro_a,
          chequers_serial_rivers_small_a, chequers_serial_rivers_small_b,
          chequers_serial_rivers_micro_e, chequers_serial_rivers_micro_e,
          chequers_serial_rivers_small_a
D:9:      layout_stronghold, guppyfry_early_elven_hall, uniq_maurice
D:10:     layout_layer_cave, nicolae_qazlal_eye_of_the_storm
D:11:     layout_loops_ring, lair_entry_dummy
D:12:     layout_basic, kennysheep_orc_monster_closet_entryway
Lair:1:   layout_small_grid, infiniplex_staircase_pool_2, uniq_gastronok
Lair:2:   layout_layer_cave, infiniplex_staircase_pool
Lair:3:   layout_layer_cave, nicolae_swamp_entry_splash_gauntlet, minmay_holes,
          serial_bayou_shore_b
Lair:4:   layout_hall_layers, nicolae_spider_entry_non_spiders, enter_volcano_1,
          guppyfry_lair_drakes
Lair:5:   layout_loops_ring, nicolae_lair_lil_pond, bobbens_ice_dragon_lair
Lair:6:   hangedman_lair_in_review, layout_cellular_growth, wormcave,
          slime_altar_1

Skill      XL: |  1  2  3  4  5  6  7  8  9 10 11 12 13 14 |
---------------+-------------------------------------------+-----
Spellcasting   | 3 4 6 7 8 9 |  9.5
Fighting       | 2 3 4 5 6 7 8 9 |  9.9
Transmutations | 3 4 5 6 7 8 |  8.0
Ice Magic      | 1 2 3 5 6 8 |  8.2
Unarmed Combat | 4 6 7 9 11 14 | 14.7
Poison Magic   | 1 2 |  2.1
Dodging        | 4 6 8 9 |  9.4
Evocations     | |  0.3

Action                   |  1- 3 |  4- 6 |  7- 9 | 10-12 | 13-15 || total
-------------------------+-------+-------+-------+-------+-------++-------
Melee: Unarmed           |    86 |   102 |   257 |   370 |   277 ||  1092
       Kick              |    29 |     6 |       |       |       ||    35
       Constrict         |    20 |    18 |    10 |       |     1 ||    49
       Tentacles         |     8 |    16 |    14 |     3 |       ||    41
       Punch             |     4 |     1 |     3 |     2 |       ||    10
 Cast: Beastly Appendage |    27 |     9 |       |     1 |       ||    37
       Spider Form       |       |     5 |    20 |     1 |       ||    26
       Ozocubu's Armour  |       |     6 |    22 |    29 |    21 ||    78
       Wereblood         |       |       |     5 |    14 |    11 ||    30
       Ice Form          |       |       |    16 |    48 |    22 ||    86
Invok: Curse Item        |       |       |     3 |     4 |     1 ||     8
Evoke: Wand              |       |       |     4 |     3 |       ||     7
  Use: Scroll            |     1 |     7 |     3 |     2 |       ||    13
       Potion            |       |       |     3 |     6 |       ||     9
 Stab: Sleeping          |     4 |     3 |     2 |       |       ||     9
       Paralysed         |       |       |     3 |       |       ||     3
       Petrifying        |       |       |       |       |     1 ||     1
       Petrified         |       |       |       |       |     1 ||     1
Armor: Skin              |     6 |    10 |    75 |   176 |   156 ||   423
Dodge: Dodged            |    49 |    73 |   237 |   189 |   182 ||   730

Table legend: (Time is in decaauts)
 A = Elapsed time spent in this place.
 B = Non-inter-level travel time spent in this place.
 C = Inter-level travel time spent in this place.
 D = Time resting spent in this place.
 E = Time spent auto-exploring this place.
 F = Levels seen in this place.
 G = Mean time per level.
                   A        B        C        D        E       F      G
               +--------+--------+--------+--------+--------+-----+--------+
         Total |  23242 |  22621 |    621 |   3937 |  15473 |  19 | 1223.3 |
       Dungeon |  16473 |  15980 |    493 |   3608 |  10311 |  12 | 1372.8 |
          Lair |   6570 |   6442 |    128 |    317 |   5127 |   6 | 1095.0 |
       Volcano |    199 |    199 |      0 |     12 |     35 |   1 |  199.0 |
               +--------+--------+--------+--------+--------+-----+--------+

Top non-repeatable levels by time:
     D:5: 2424 daAuts
    D:10: 2053 daAuts
  Lair:2: 1708 daAuts
  Lair:3: 1680 daAuts
     D:3: 1604 daAuts
     D:4: 1485 daAuts
     D:9: 1480 daAuts
     D:6: 1449 daAuts
     D:7: 1426 daAuts
    D:11: 1323 daAuts
     D:8: 1200 daAuts
     D:2: 1143 daAuts
  Lair:1: 1036 daAuts
  Lair:5: 890 daAuts
     D:1: 879 daAuts
